 Seeded DCSS version 0.29.1-15-g9cfb28693d (webtiles) character file.

Game seed: 11851575853161599096 (custom seed)

185540 Sanktem7 the Warrior (level 17, 0/170 HPs)
             Began as a Minotaur Fighter on Mar 14, 2023.
             Was the Champion of Okawaru.
             Slain by a nagaraja
             ... wielding a +0 flail
              (23 damage)
             ... on level 4 of the Snake Pit.
             The game lasted 01:01:29 (31226 turns).

Sanktem7 the Warrior (Minotaur Fighter)            Turns: 31226, Time: 01:01:30

Health: 0/170      AC: 48    Str: 25    XL:     17   Next: 81%
Magic:  0/23       EV:  4    Int:  5    God:    Okawaru [******]
Gold:   3300       SH: 26    Dex: 25    Spells: 16/16 levels left

rFire   + + .      SeeInvis .   T - +1 broad axe of the Twenty Wonders {pain, *Noise rElec rC+++ rN+, axe}
rCold   + + +      Faith    .   a - +3 tower shield {reflect}
rNeg    + . .      Spirit   +   u - +15 Maxwell's patent armour {-Cast -Tele rElec Will+ rCorr}
rPois   .          Reflect  +   b - +2 hat of Vohucw {Fly rElec Dex+8 Stlth-}
rElec   +          Harm     .   o - +2 cloak {rF+}
rCorr   +          Rampage  +   c - +1 pair of gloves
Will    +++++      NoTele   +   E - +1 pair of boots {rampage}
Stlth   .......... NoCast   +   M - amulet of the Distant Future {Spirit -Cast Will+++ Str-3 Stlth+}
HPRegen 0.38/turn               h - ring of Keic {Will+ Slay+6}
MPRegen 0.18/turn               J - ring "Telaseeq" {rElec AC+4 Str-2 Dex+8 Stlth+}

@: lethally poisoned (0 -> -5), weakened, flying, constricted, studying 2 skills
A: horns 2, retaliatory headbutt, fire resistance 1
a: Renounce Religion, Heroism, Finesse, Duel


You were on level 4 of the Snake Pit.
You worshipped Okawaru.
Okawaru was exalted by your worship.
You visited 5 branches of the dungeon, and saw 28 of its levels.
You also visited: Gauntlet and Volcano.

You collected 4199 gold pieces.
You spent 899 gold pieces at shops.


Innate Abilities, Weirdness & Mutations

You have a pair of horns on your head.
You reflexively headbutt those who attack you in melee.
Your flesh is heat resistant. (rF+)


   Skills:
 + Level 19.8 Fighting
 - Level 18.0 Axes
 + Level 9.0 Throwing
 + Level 18.4 Armour
 + Level 18.4 Shields
 + Level 10.4 Invocations


You had 16 spell levels left.
You didn't know any spells.
Your spell library contained the following spells:

 Spells                   Type           Power      Damage    Failure   Level
 Apportation              Tloc           0%         N/A       100%        1
 Magic Dart               Conj           0%         1d3       100%        1
 Necrotise                Necr           0%         1d4       100%        1
 Sandblast                Erth           0%         2d4       100%        1
 Shock                    Conj/Air       0%         1d3       100%        1
 Passwall                 Tmut/Erth      0%         N/A       100%        2
 Searing Ray              Conj           0%         2d4       100%        2
 Static Discharge         Conj/Air       0%         3-3/arc   100%        2
 Dazzling Flash           Conj/Hex       0%         N/A       100%        3
 Gell's Gravitas          Tloc           0%         N/A       100%        3
 Ignite Poison            Fire/Tmut/Pois 0%         N/A       100%        3
 Lesser Beckoning         Tloc           0%         N/A       100%        3
 Mephitic Cloud           Conj/Pois/Air  0%         N/A       100%        3
 Swiftness                Air            0%         N/A       100%        3
 Teleport Other           Tloc           0%         N/A       100%        3
 Vampiric Draining        Necr           0%         2d6       100%        3
 Airstrike                Air            0%         2d(0-16)  100%        4
 Anguish                  Hex/Necr       0%         N/A       100%        4
 Fulminant Prism          Conj/Hex       0%         3d6       100%        4
 Hailstorm                Conj/Ice       0%         3d3       100%        4
 Ice Form                 Ice/Tmut       0%         N/A       100%        4
 Iskenderun's Mystic Bla  Conj/Tloc      0%         2d3       100%        4
 Agony                    Necr           0%         N/A       100%        5
 Alistair's Intoxication  Tmut/Pois      0%         N/A       100%        5
 Borgnjor's Vile Clutch   Necr/Erth      0%         N/A       100%        5
 Freezing Cloud           Conj/Ice/Air   0%         6-21      100%        5
 Iskenderun's Battlesphe  Conj           0%         2d6       100%        5
 Lee's Rapid Deconstruct  Erth           0%         3d5*      100%        5
 Lightning Bolt           Conj/Air       0%         1d11      100%        5
 Dispersal                Tloc           0%         N/A       100%        6
 Eringya's Noxious Bog    Tmut/Pois      0%         N/A       100%        6
 Iron Shot                Conj/Erth      0%         9d1       100%        6
 Starburst                Conj/Fire      0%         6d3       100%        6
 Statue Form              Tmut/Erth      0%         N/A       100%        6
 Enfeeble                 Hex            0%         N/A       100%        7
 Disjunction              Tloc           0%         N/A       100%        8
 Maxwell's Capacitive Co  Air            0%         ∞         100%        8
 Summon Small Mammal      Summ           Unusable   N/A       N/A         1
 Simulacrum               Ice/Necr       Unusable   N/A       N/A         6
 Spellforged Servitor     Conj/Summ      Unusable   N/A       N/A         7

Inventory:

Hand Weapons
 t - a +3 double sword of holy wrath {longrare=g}
   (You took it off Donald on level 3 of the Snake Pit)
 x - a +1 whip of flaming {mace}
   (You took it off a gnoll bouda on level 8 of the Dungeon)
 T - the +1 broad axe of the Twenty Wonders (weapon) {pain, *Noise rElec rC+++ rN+, axe}
   (You found it on level 4 of the Lair of Beasts)

   In the hands of one skilled in necromantic magic, it inflicts extra damage on
   living creatures.
   rC:        It renders you almost immune to cold.
   rElec:     It insulates you from electricity.
   rN:        It protects you from negative energy.
   *Noise:    It may make noises in combat.
Missiles
 i - 4 datura-tipped darts {throwing}
 r - 21 boomerangs (quivered) {throwing}
 z - 65 stones {throwing}
 K - 8 silver javelins {throwing}
 O - 5 javelins {throwing}
Armour
 a - a +3 tower shield of reflection (worn)
   (You took it off a naga warrior on level 2 of the Lair of Beasts)
 b - the +2 hat of Vohucw (worn) {Fly rElec Dex+8 Stlth-}
   (Okawaru gifted it to you on level 3 of the Lair of Beasts)

   Dex:       It affects your dexterity (+8).
   rElec:     It insulates you from electricity.
   Fly:       It grants you flight.
   Stlth:     It makes you less stealthy.
 c - a +1 pair of gloves (worn)
   (You found it on level 10 of the Dungeon)
 o - a +2 cloak of fire resistance (worn)
   (You found it in a volcano)
 u - the +15 Maxwell's patent armour (worn) {-Cast -Tele rElec Will+ rCorr}
   (You found it on level 3 of the Dungeon)

   rElec:     It insulates you from electricity.
   -Cast:     It prevents spellcasting.
   -Tele:     It prevents most forms of teleportation.
   rCorr:     It protects you from acid and corrosion.
   Will:      It increases your willpower.
 E - a +1 pair of boots of rampaging (worn)
   (Okawaru gifted it to you on level 15 of the Dungeon)
Jewellery
 g - a ring of poison resistance
   (You found it in a Gauntlet)
 h - the ring of Keic (left hand) {Will+ Slay+6}
   (You acquired it on level 7 of the Dungeon)

   [ring of willpower]

   Slay:      It affects your accuracy & damage with ranged weapons and melee
   (+6).
   Will:      It increases your willpower.
 F - a ring of positive energy
   (You found it on level 4 of the Snake Pit)
 J - the ring "Telaseeq" (right hand) {rElec AC+4 Str-2 Dex+8 Stlth+}
   (You acquired it on level 2 of the Elven Halls)

   [ring of protection]

   AC:        It affects your AC (+4).
   Str:       It affects your strength (-2).
   Dex:       It affects your dexterity (+8).
   rElec:     It insulates you from electricity.
   Stlth:     It makes you more stealthy.
 M - the amulet of the Distant Future (around neck) {Spirit -Cast Will+++ Str-3 Stlth+}
   (You found it on level 5 of the Lair of Beasts)

   [amulet of guardian spirit]

   It causes incoming damage to be divided between your reserves of health and
   magic.
   Str:       It affects your strength (-3).
   -Cast:     It prevents spellcasting.
   Will:      It greatly increases your willpower.
   Stlth:     It makes you more stealthy.
 P - a ring of willpower
   (You found it on level 4 of the Snake Pit)
Wands
 w - a wand of polymorph (19)
   (You took it off Natasha on level 3 of the Dungeon)
 y - a wand of paralysis (55)
   (You found it on level 4 of the Dungeon)
 A - a wand of iceblast (23)
   (You took it off Maurice on level 8 of the Dungeon)
 H - a wand of flame (97)
   (You found it on level 6 of the Dungeon)
 Q - a wand of light (9)
   (You found it on level 14 of the Dungeon)
 Z - a wand of digging (2)
   (You found it on level 2 of the Lair of Beasts)
Scrolls
 e - 2 scrolls of poison {!r}
 f - 11 scrolls of teleportation {@r4}
 k - 5 scrolls of blinking {!r}
 l - 8 scrolls of identify {@r1}
 m - 5 scrolls of fog
 n - 4 scrolls of enchant weapon
 S - a scroll of silence {!r}
 U - 3 scrolls of magic mapping {!r}
Potions
 d - 6 potions of might
 j - 2 potions of resistance
 p - a potion of brilliance
 q - 8 potions of haste {@q3}
 s - 13 potions of curing {@q1}
 v - 7 potions of flight
 B - 6 potions of heal wounds {@q2}
 C - 2 potions of berserk rage {!q}
 D - 3 potions of cancellation
 G - 5 potions of lignification {!q}
 I - 6 potions of invisibility
 L - 4 potions of mutation {!q}
 N - 5 potions of degeneration {!q@e2}
 V - 4 potions of ambrosia
Miscellaneous
 R - a phantom mirror
   (You found it in a Gauntlet)
 X - a phial of floods
   (You found it on level 5 of the Lair of Beasts)

Dungeon Overview and Level Annotations

Branches:
Dungeon (15/15) Zot: 25623  Temple (0/1) D:5            Lair (5/5) D:9 Zot: 24027
 Shoals (0/4) Lair:3        Snake (4/4) Lair:2 Zot: 20161   Slime (0/5) Lair:5
    Orc (2/2) D:12 Zot: 9944     Elf (2/3) Orc:2 Zot: 8295  Vaults (0/5) D:14
 Depths (0/4) D:15        Volcano (visited)         Gauntlet (visited)

Altars:
Cheibriados
Kikubaaqudgha
Okawaru
Uskayaw
Vehumet
Wu Jian
Yredelemnul
Jiyva

Shops:
D:4 [   D:5 [   D:7 *   D:15 [   Orc:1 !=?   Orc:2 ((?!   Snake:4 =:=

Annotations:
Snake:3 Mara
Elf:1 2 transporters, 6 runed translucent doors, AppTheSpectato's ghost, adept FoHu

#......# #......#
########
###......#####......###
......................##
.........)).........)...
.........)[..........)..
.N.................)....
##....))######......###
#...)@.# ########
#...N)N# #...#..#
#....N.# #......#
......... .#......N..
#......... ...........


You could see 2 nagarajas, 2 naga warriors and a naga (strong).


Message History

You slash the naga! You hit the nagaraja. You slice the salamander tyrant!!
You feel sick. The nagaraja hits you with a +0 flail!!
* * * LOW HITPOINT WARNING * * *
The nagaraja grabs you. The nagaraja constricts you.
You block the naga's attack. 😨 HP[-23] MP[-5]
You take 23 damage, and now have 81/170 hp.
You lost 5 mp, and now have 14/23 mp.
You hit the nagaraja.
You headbutt the nagaraja, but do no damage.
You hit the naga. You hit the salamander tyrant.
You kill the salamander tyrant!
Okawaru accepts your kill.
You slash the naga warrior!
You hear a rumbling sound.
You slash the naga!
You kill the naga!
Okawaru accepts your kill.
You feel sick.
You hear a shout!
A naga comes into view. It is wielding a +0 dire flail.
The nagaraja spits poison at you. The splash of poison hits you!
You are more poisoned.
* * * LOW HITPOINT WARNING * * *
The nagaraja constricts you. 😨 HP[-12] MP[-2]
You take 12 damage, and now have 69/170 hp.
You lost 2 mp, and now have 12/23 mp.
You barely miss the nagaraja. You completely miss the naga warrior.
You barely miss the naga.
You feel very sick. You block the naga warrior's attack.
The naga barely misses you. You furiously retaliate!
You headbutt the naga!
The nagaraja hits you but does no damage.
The nagaraja constricts you.
A naga warrior comes into view. It is wielding a +0 halberd. 😨 HP[-3]
You take 3 damage, and now have 66/170 hp.
You hit the nagaraja. You headbutt the nagaraja. You hit the naga.
You closely miss the naga warrior.
You feel very sick. The naga warrior spits poison at you.
Your +3 tower shield of reflection reflects the splash of poison!
The splash of poison hits the naga warrior.
You block the naga's attack. The nagaraja spits poison at you.
The splash of poison hits you but does no damage.
You are more poisoned.
The nagaraja constricts you.
* * * LOW HITPOINT WARNING * * *
😨 HP[-4]
You take 4 damage, and now have 62/170 hp.
You closely miss the nagaraja.
You hit the naga warrior but do no damage.
You slice the naga!!
You kill the naga!
Okawaru accepts your kill.
You feel very sick.
A nagaraja comes into view.
It is wielding a +2 falchion of protection.
The naga warrior roars a battlecry!
The naga warrior goes into a battle-frenzy!
The naga warrior spits poison at you.
The splash of poison hits you but does no damage.
You are more poisoned. 😨 HP[-4]
You take 4 damage, and now have 58/170 hp.
You slice the naga warrior!!
You headbutt the naga warrior, but do no damage.
You hit the nagaraja.
You feel very sick. You block the nagaraja's attack.
The nagaraja constricts you.
* * * LOW HITPOINT WARNING * * *
You block the naga warrior's attack. 😨 HP[-9] MP[-1]
You take 9 damage, and now have 49/170 hp.
You lost 1 mp, and now have 11/23 mp.
You hit the naga warrior. You headbutt the naga warrior.
You hit the nagaraja but do no damage.
You feel very sick.
The nagaraja gestures at you while chanting.
The bolt of poison hits you!!
You are more poisoned.
* * * LOW HITPOINT WARNING * * *
The nagaraja constricts you. The naga spits poison at you.
The splash of poison hits you.
You are more poisoned.
* * * LOW HITPOINT WARNING * * *
😱 HP[-31] MP[-7]
You take 31 damage, and now have 18/170 hp.
You lost 7 mp, and now have 4/23 mp.
You feel better. You block the naga warrior's attack.
The nagaraja casts a spell.
The nagaraja seems to speed up.
The naga warrior spits poison at you.
The splash of poison hits you but does no damage.
You are poisoned.
The nagaraja hits you with a +0 flail!!
You die...

Skill      XL: |  1  2  3  4  5  6  7  8  9 10 11 12 13 14 15 16 17 |
---------------+----------------------------------------------------+-----
Axes           | 3 4 5 6 7 9 10 12 14 16 18 | 18.0
Fighting       | 4 5 6 7 8 9 10 12 13 15 16 18 19 | 19.8
Armour         | 4 5 6 7 8 9 10 12 13 15 16 17 18 | 18.4
Shields        | 4 5 6 7 8 9 10 12 13 15 16 17 18 | 18.4
Invocations    | 3 4 5 7 9 10 | 10.4
Throwing       | 5 7 9 |  9.0

Action                   |  1- 3 |  4- 6 |  7- 9 | 10-12 | 13-15 | 16-18 || total
-------------------------+-------+-------+-------+-------+-------+-------++-------
Melee: War axe           |    64 |    63 |   163 |   237 |       |       ||   527
       Headbutt          |     9 |    10 |    29 |    87 |   254 |   195 ||   584
       Broad axe         |       |       |       |   165 |   933 |   693 ||  1791
       Whip              |       |       |       |    13 |    18 |       ||    31
Throw: Boomerang         |       |       |       |       |       |     1 ||     1
Invok: Heroism           |       |       |       |     1 |       |     5 ||     6
  Use: Scroll            |       |       |    10 |     7 |    12 |     5 ||    34
       Potion            |       |       |       |     3 |     2 |     2 ||     7
Armor: Scale mail        |    31 |       |       |       |       |       ||    31
       Plate armour      |       |    32 |   122 |   203 |   368 |   255 ||   980
Dodge: Dodged            |    25 |    23 |    92 |   116 |   186 |    99 ||   541
Block: Buckler           |    12 |    17 |    80 |    49 |       |       ||   158
       Reflection        |       |       |     4 |    15 |    22 |    96 ||   137
       Tower shield      |       |       |       |   309 |  1097 |   721 ||  2127

Levels and vault maps discovered:
D:1:      lightli_iron_boxes, layout_basic
D:2:      layout_rooms, shapermc_ecumenical_altar_flowoftime
D:3:      layout_basic, uniq_natasha
D:4:      layout_rooms, serial_shops, nicolae_take_the_stairs,
          uniq_blork_the_orc
D:5:      layout_basic, minmay_temple_entry_stoned_glass, serial_shops,
          nicolae_lakefront_shop, grunt_ministairs_2,
          minmay_misc_feat_more_columns, kennysheep_generic_room_15
D:6:      layout_basic, serial_rivers, chequers_serial_rivers_small_a,
          chequers_serial_rivers_micro_c, chequers_serial_rivers_micro_d,
          chequers_serial_rivers_micro_b, chequers_serial_rivers_small_a
D:7:      layout_basic, chequers_temple_overflow_statue_of_worship,
          serial_shops, shop_statue, hellmonk_ghost_happy_afterlife,
          uniq_duvessa, uniq_joseph
D:8:      layout_loops_ring, amcnicky_altar_gilded, guppyfry_early_elven_hall,
          uniq_maurice
D:9:      kennysheep_blocky_room, layout_long_grid, erik_lair_orcish_takeover
D:10:     layout_stronghold, uniq_josephine, uniq_grum
D:11:     layout_stronghold, gauntlet_entry_generic, minmay_misc_feat_cross,
          serial_bayou_lake_a
D:12:     layout_roguey, zombieorc1_lemuel, chequers_serial_rivers_micro_c,
          nzn_sisyphean_effort
D:13:     layout_loops_ring
D:14:     layout_small_grid, david_vaults_5, serial_park_square2
D:15:     gammafunk_depths_entry_grave, layout_rooms, minivault_14,
          nicolae_hexahallways, minmay_shop_chei
Lair:1:   layout_regular_city, st_stairs_13, chequers_serial_rivers_room_a,
          serial_bayou_shore_a, grunt_megastairs_4, uniq_sonja
Lair:2:   layout_layer_cave, minmay_snake_entry_six_corridors,
          grunt_megastairs_1, uniq_maggie
Lair:3:   layout_roguey, elwin_shoals_entry_stream,
          chequers_serial_rivers_micro_d, minivault_19, grunt_megastairs_3
Lair:4:   layout_regular_city, gammafunk_lair_bear_cave,
          infiniplex_staircase_pool, serial_bayou_shore_b
Lair:5:   hangedman_lair_tendril_chambers, layout_misc_corridors,
          guppyfry_lair_end_dragon, slime_entry_1,
          nicolae_lair_run_with_the_wolves, infiniplex_staircase_pool_2,
          serial_bayou_shore_b
Snake:1:  layout_gridlike, uniq_kirke, uniq_roxanne
Snake:2:  layout_grid_shapes, basic_altar
Snake:3:  layout_misc_corridors, grunt_ministairs_7, uniq_mara, uniq_aizul,
          uniq_donald
Snake:4:  minmay_snake_end_coiled, layout_chambers, minmay_shop_grove
Orc:1:    layout_caves, nicolae_volcano_entry_two_sided, basic_altar,
          serial_shops, shop, shop, shop
Orc:2:    st_orc_ogre_mass, layout_diamond_mine, uniq_saint_roka
Elf:1:    eino_elf_arrival_shootout, layout_loops_corners,
          gammafunk_ghost_berserking_beasts, orc_legates,
          serial_sigils_hangedman_confine, glass_columns_a
Elf:2:    nicolae_elf_blades_splatter_lattice
          [nicolae_blade_entry_hurt_lockers], layout_loops_corners,
          serial_sigils_hangedman_snap, minmay_strange_pillars,
          small_statue_intersection, uniq_jorgrun

Notes
Turn   | Place    | Note
-------+----------+-------------------------------------------
     0 | D:1      | Sanktem7 the Minotaur Fighter began the quest for the Orb.
     0 | D:1      | Reached XP level 1. HP: 19/19 MP: 0/0
     0 | D:1      | magus.rc [v1.9.6]
   174 | D:1      | Reached skill level 3 in Axes
   174 | D:1      | Reached XP level 2. HP: 23/27 MP: 1/1
   299 | D:1      | Reached skill level 4 in Fighting
   299 | D:1      | Reached XP level 3. HP: 33/33 MP: 2/2
   316 | D:1      | Reached skill level 4 in Armour
   316 | D:1      | Reached skill level 4 in Shields
   480 | D:1      | You pick up a book of Power and begin reading...
   480 | D:1      | You add the spells Iskenderun's Battlesphere, Iron Shot and
                  | Spellforged Servitor to your library.
   758 | D:2      | Found a faded altar of an unknown god.
  1136 | D:3      | Found the +15 Maxwell's patent armour {-Cast -Tele rElec
                  | Will+ rCorr}
  1159 | D:3      | Reached XP level 4. HP: 40/40 MP: 3/3
  1426 | D:3      | Noticed Natasha
  1432 | D:3      | Killed Natasha
  1433 | D:3      | Reached skill level 4 in Axes
  1508 | D:3      | Noticed Natasha
  1512 | D:3      | Killed Natasha
  1660 | D:3      | Noticed Natasha
  1665 | D:3      | Killed Natasha
  1666 | D:3      | Reached XP level 5. HP: 47/47 MP: 4/4
  1673 | D:3      | You pick up a book of Air and begin reading...
  1673 | D:3      | You add the spells Shock, Swiftness and Airstrike to your
                  | library.
  1833 | D:4      | Found Kagucra's Armour Boutique.
  1853 | D:4      | Noticed a phantom
  1860 | D:4      | Killed a phantom
  1861 | D:4      | Reached skill level 5 in Axes
  1861 | D:4      | Reached XP level 6. HP: 48/55 MP: 5/5
  2048 | D:4      | Noticed Blork the orc
  2052 | D:4      | Reached skill level 5 in Shields
  2056 | D:4      | Reached skill level 5 in Armour
  2057 | D:4      | Killed Blork the orc
  2058 | D:4      | Reached skill level 5 in Fighting
  2294 | D:5      | Entered Level 5 of the Dungeon
  2334 | D:5      | Found Ozadgha's Antique Armour Boutique.
  2408 | D:5      | Reached skill level 6 in Axes
  2410 | D:5      | Reached XP level 7. HP: 60/61 MP: 6/6
  2520 | D:5      | Found a staircase to the Ecumenical Temple.
  2955 | D:5      | You add the spells Alistair's Intoxication, Borgnjor's Vile
                  | Clutch and Eringya's Noxious Bog to your library.
  3114 | D:5      | Reached skill level 7 in Axes
  3221 | D:6      | Reached skill level 6 in Armour
  3221 | D:6      | Reached skill level 6 in Shields
  3314 | D:6      | Reached skill level 6 in Fighting
  3371 | D:6      | Reached XP level 8. HP: 64/70 MP: 7/7
  3497 | D:6      | You pick up a book of Lightning and begin reading...
  3497 | D:6      | You add the spells Static Discharge, Lightning Bolt and
                  | Maxwell's Capacitive Coupling to your library.
  4077 | D:7      | Noticed Joseph
  4090 | D:7      | Reached skill level 8 in Axes
  4093 | D:7      | Identified the +1 scale mail of Varoxzih {+Blink Int+5}
  4096 | D:7      | Noticed Duvessa
  4283 | D:7      | Noticed Dowan
  4297 | D:7      | Killed Duvessa
  4298 | D:7      | Reached skill level 7 in Fighting
  4298 | D:7      | Reached skill level 9 in Axes
  4298 | D:7      | Reached skill level 7 in Armour
  4298 | D:7      | Reached skill level 7 in Shields
  4304 | D:7      | Killed Joseph
  4305 | D:7      | Reached XP level 9. HP: 39/79 MP: 8/8
  4307 | D:7      | Killed Dowan
  4518 | D:7      | Found Cyud's General Store.
  4527 | D:7      | Bought a scroll of identify for 26 gold pieces
  4601 | D:7      | Found an iron altar of Okawaru.
  4602 | D:7      | Found a hide-covered altar of Uskayaw.
  4604 | D:7      | Found an ornate altar of the Wu Jian Council.
  4609 | D:7      | Became a worshipper of Warmaster Okawaru
  4858 | D:7      | Noticed sigtrap's ghost (novice KoHu)
  4861 | D:7      | Found a runed translucent door.
  5164 | D:7      | Identified the amulet "Kisy" {Reflect Int+4 SH+5}
  5192 | D:7      | Identified a scroll of acquirement
  5192 | D:7      | Acquired the ring of Keic {Will+ Slay+6}
  5429 | D:7      | Killed sigtrap's ghost
  5430 | D:7      | Reached skill level 1 in Invocations
  5481 | D:8      | Found a basalt altar of Yredelemnul.
  5575 | D:8      | Reached skill level 10 in Axes
  5629 | D:8      | Noticed Maurice
  5649 | D:8      | Killed Maurice
  5649 | D:8      | Reached * piety under Okawaru
  5869 | D:8      | Reached skill level 2 in Invocations
  5880 | D:8      | Reached skill level 8 in Armour
  5881 | D:8      | Reached skill level 8 in Fighting
  5881 | D:8      | Reached skill level 8 in Shields
  5885 | D:8      | Reached ** piety under Okawaru
  5994 | D:8      | Reached skill level 3 in Invocations
  6212 | D:8      | Reached XP level 10. HP: 79/88 MP: 11/11
  6219 | D:8      | Reached skill level 11 in Axes
  6470 | D:8      | Noticed a deep elf pyromancer
  6474 | D:8      | Killed a deep elf pyromancer
  6818 | D:9      | Reached *** piety under Okawaru
  6820 | D:9      | Noticed a wizard
  6824 | D:9      | Killed a wizard
  6829 | D:9      | Noticed a manticore
  6839 | D:9      | Killed a manticore
  6840 | D:9      | Reached skill level 9 in Armour
  6840 | D:9      | Reached skill level 4 in Invocations
  6946 | D:9      | Reached **** piety under Okawaru
  7039 | D:9      | Reached skill level 9 in Fighting
  7039 | D:9      | Reached skill level 9 in Shields
  7044 | D:9      | Reached skill level 12 in Axes
  7167 | D:9      | Found a staircase to the Lair.
  7249 | D:9      | Reached ***** piety under Okawaru
  7267 | D:9      | Received a gift from Okawaru
  7380 | D:9      | Reached XP level 11. HP: 90/97 MP: 13/13
  7391 | D:9      | Reached skill level 5 in Invocations
  7843 | D:9      | Acquired 261 gold pieces
  7847 | D:10     | Entered Level 10 of the Dungeon
  7899 | D:10     | Noticed Grum
  7914 | D:10     | Killed Grum
  8059 | D:10     | You pick up a book of the Warp and begin reading...
  8059 | D:10     | You add the spells Dispersal and Disjunction to your
                  | library.
  8137 | D:10     | Reached skill level 13 in Axes
  8204 | D:10     | Noticed Josephine
  8213 | D:10     | Killed Josephine
  8214 | D:10     | Reached skill level 10 in Armour
  8217 | D:10     | Reached skill level 10 in Fighting
  8217 | D:10     | Reached skill level 10 in Shields
  8370 | D:10     | Noticed a sun demon
  8889 | D:10     | Gained mutation: You have sharp toenails. [potion of
                  | mutation]
  8889 | D:10     | Gained mutation: Your spells are a little harder to cast,
                  | but a little more powerful. [potion of mutation]
  8890 | D:10     | Lost mutation: Your spells are a little harder to cast, but
                  | a little more powerful. [potion of mutation]
  8890 | D:10     | Lost mutation: You have sharp toenails. [potion of
                  | mutation]
  8890 | D:10     | Gained mutation: Your magical capacity is low. (-10% MP)
                  | [potion of mutation]
  8890 | D:10     | Gained mutation: You are agile. (Dex +4, Str/Int -1)
                  | [potion of mutation]
  8891 | D:10     | Lost mutation: Your magical capacity is low. (-10% MP)
                  | [potion of mutation]
  8891 | D:10     | Lost mutation: You are agile. (Dex +4, Str/Int -1) [potion
                  | of mutation]
  8891 | D:10     | Gained mutation: Your muscles are strong. (Str +4, Int/Dex
                  | -1) [potion of mutation]
  8891 | D:10     | Gained mutation: Your flesh is heat resistant. (rF+)
                  | [potion of mutation]
  8891 | D:10     | Lost mutation: Your muscles are strong. (Str +4, Int/Dex
                  | -1) [potion of mutation]
  8989 | D:11     | Found a gate leading to a gauntlet.
  8996 | D:11     | Reached skill level 14 in Axes
  9002 | Gauntlet | Entered a Gauntlet
  9002 | Gauntlet | Found a transporter.
  9027 | Gauntlet | Found a transporter.
  9029 | Gauntlet | Found a transporter.
  9030 | Gauntlet | Found a transporter.
  9035 | Gauntlet | Noticed a necromancer
  9038 | Gauntlet | Found a transporter.
  9041 | Gauntlet | Found a transporter.
  9042 | Gauntlet | Found a transporter.
  9112 | Gauntlet | Killed a necromancer
  9112 | Gauntlet | Received a gift from Okawaru
  9121 | Gauntlet | Identified the ring "Xaymposho" {Contam +Blink Will+ Int+4}
  9123 | Gauntlet | Noticed a death scarab
  9129 | Gauntlet | Found a transporter.
  9132 | Gauntlet | Found a transporter.
  9138 | Gauntlet | Killed a death scarab
  9179 | Gauntlet | Found a transporter.
  9185 | Gauntlet | Noticed a hell hog
  9195 | Gauntlet | Found a runed translucent door.
  9196 | Gauntlet | Found a transporter.
  9196 | Gauntlet | Found a transporter.
  9196 | Gauntlet | Found a transporter.
  9201 | Gauntlet | Reached XP level 12. HP: 103/108 MP: 14/14
  9202 | Gauntlet | Killed a hell hog
  9203 | Gauntlet | Reached skill level 11 in Armour
  9241 | Gauntlet | Identified the +1 hat of Leapfrog {Rampage}
  9252 | Gauntlet | Reached skill level 11 in Fighting
  9252 | Gauntlet | Received a gift from Okawaru
  9254 | Gauntlet | Reached skill level 11 in Shields
  9257 | Gauntlet | Received a gift from Okawaru
  9457 | Gauntlet | Found a transporter.
  9482 | Gauntlet | Noticed a minotaur
  9486 | Gauntlet | Killed a minotaur
  9487 | Gauntlet | Reached skill level 15 in Axes
  9492 | Gauntlet | Identified the +1 leather armour of the Stonemason {Int+8
                  | Dex+6}
  9545 | D:11     | You pick up a book of Conjurations {@e2} and begin
                  | reading...
  9545 | D:11     | You add the spells Magic Dart, Searing Ray and Fulminant
                  | Prism to your library.
  9574 | D:11     | Noticed a two-headed ogre
  9582 | D:11     | Killed a two-headed ogre
 10018 | D:11     | Noticed a two-headed ogre
 10022 | D:11     | Killed a two-headed ogre
 10133 | D:11     | Noticed a two-headed ogre
 10138 | D:11     | Killed a two-headed ogre
 10257 | D:11     | Identified the +1 leather armour of Brilliance {*Slow +Inv
                  | Int+4}
 10571 | D:12     | Noticed a seven-headed hydra
 10577 | D:12     | Killed a seven-headed hydra
 10578 | D:12     | Noticed a boulder beetle
 10589 | D:12     | Killed a boulder beetle
 10589 | D:12     | Identified the +1 robe "Pyacrib" {Int+3} (Okawaru gifted it
                  | to you on level 12 of the Dungeon)
 10589 | D:12     | Received a gift from Okawaru
 10819 | D:12     | Found a staircase to the Orcish Mines.
 10827 | D:12     | Reached skill level 16 in Axes
 10827 | D:12     | Reached skill level 12 in Armour
 10940 | D:12     | Reached skill level 12 in Fighting
 10940 | D:12     | Reached skill level 12 in Shields
 11315 | D:13     | Noticed a seven-headed hydra
 11327 | D:13     | Killed a seven-headed hydra
 11506 | D:13     | Reached XP level 13. HP: 118/118 MP: 15/15
 11945 | D:13     | You pick up a book of Cantrips and begin reading...
 11945 | D:13     | You add the spells Necrotise and Apportation to your
                  | library.
 12361 | D:14     | Reached ****** piety under Okawaru
 12396 | D:14     | Reached skill level 17 in Axes
 12397 | D:14     | Received a gift from Okawaru
 12398 | D:14     | HP: 22/119 [freezing wraith (17)]
 12586 | D:14     | Noticed a broodmother
 12717 | D:14     | Noticed a bunyip
 12725 | D:14     | Killed a bunyip
 12767 | D:14     | Reached skill level 13 in Armour
 12929 | D:14     | Reached skill level 13 in Fighting
 12935 | D:14     | Received a gift from Okawaru
 12936 | D:14     | Reached skill level 13 in Shields
 12953 | D:14     | Found a radiant altar of Vehumet.
 13162 | D:14     | You pick up a book of Displacement and begin reading...
 13162 | D:14     | You add the spells Lesser Beckoning, Gell's Gravitas and
                  | Teleport Other to your library.
 13412 | D:14     | Found a gate to the Vaults.
 13549 | D:15     | Entered Level 15 of the Dungeon
 13579 | D:15     | Found a staircase to the Depths.
 13590 | D:15     | Reached skill level 18 in Axes
 13602 | D:15     | Noticed a jiangshi
 13860 | D:15     | Received a gift from Okawaru
 13867 | D:15     | Reached XP level 14. HP: 107/129 MP: 16/16
 14387 | D:15     | Found Cheibriados's Comfort Zone.
 14387 | D:15     | Found a snail-covered altar of Cheibriados.
 14763 | Lair:1   | Entered Level 1 of the Lair of Beasts
 14849 | Lair:1   | You pick up a book of the Tundra and begin reading...
 14849 | Lair:1   | You add the spells Hailstorm and Ice Form to your library.
 14881 | Lair:1   | You pick up a book of Necromancy and begin reading...
 14881 | Lair:1   | You add the spells Vampiric Draining and Agony to your
                  | library.
 14920 | Lair:1   | Noticed Sonja
 14926 | Lair:1   | Killed Sonja
 15685 | Lair:2   | Reached skill level 14 in Armour
 15743 | Lair:2   | Found a staircase to the Snake Pit.
 15757 | Lair:2   | Reached skill level 14 in Shields
 15766 | Lair:2   | Reached skill level 14 in Fighting
 16392 | Lair:2   | Noticed Maggie
 16400 | Lair:2   | Killed Maggie
 16424 | Lair:2   | Identified the +6 hand axe of Bankruptcy {holy, rN+ Str+5
                  | Dex+2}
 16846 | Snake:1  | Entered Level 1 of the Snake Pit
 16847 | Snake:1  | Noticed Kirke
 16850 | Snake:1  | Identified Roxanne's Guide on the Ground
 16850 | Snake:1  | Noticed Roxanne
 16860 | Snake:1  | Received a gift from Okawaru
 16861 | Snake:1  | Killed Kirke
 16871 | Snake:1  | HP: 19/133 [naga/+0 mace (29)]
 17374 | Snake:1  | Reached skill level 15 in Armour
 17389 | Snake:1  | HP: 33/133 [Roxanne/bolt of magma (21)]
 17391 | Snake:1  | Killed Roxanne
 17392 | Snake:1  | Reached skill level 15 in Fighting
 17392 | Snake:1  | Reached skill level 15 in Shields
 17393 | Snake:1  | You add the spells Sandblast, Passwall, Lee's Rapid
                  | Deconstruction and Statue Form to your library.
 17709 | Snake:1  | Could not pick up a +2 executioner's axe of freezing
                  | {axerare=g} here; ([A]lways) ignore it?
 17825 | Snake:1  | a +2 whip of draining {mace}; a +0 mace {mace}; a +2
                  | executioner's axe of freezing {axerare}
 18071 | Snake:1  | You pick up a book of Conjurations {@e2} and begin
                  | reading...
 18575 | Lair:3   | Identified the +2 hat of Vohucw {Fly rElec Dex+8 Stlth-}
                  | (Okawaru gifted it to you on level 3 of the Lair of Beasts)
 18575 | Lair:3   | Received a gift from Okawaru
 18776 | Lair:3   | Found a staircase to the Shoals.
 18924 | Lair:3   | You pick up a book of Maledictions and begin reading...
 18924 | Lair:3   | You add the spells Anguish and Enfeeble to your library.
 19565 | Lair:4   | Reached XP level 15. HP: 138/141 MP: 17/17
 19990 | Lair:4   | Identified the +1 broad axe of the Twenty Wonders {pain,
                  | *Noise rElec rC+++ rN+}
 20183 | Lair:5   | Entered Level 5 of the Lair of Beasts
 20201 | Lair:5   | Reached skill level 1 in Throwing
 20397 | Lair:5   | Reached skill level 2 in Throwing
 20461 | Lair:5   | You pick up a book of Displacement and begin reading...
 20494 | Lair:5   | Received a gift from Okawaru
 20623 | Lair:5   | Found a staircase to the Slime Pits.
 20623 | Lair:5   | Found the +11 plutonium sword {Contam Stlth-}
 20624 | Lair:5   | Found a viscous altar of Jiyva.
 20633 | Lair:5   | Reached skill level 3 in Throwing
 20668 | Lair:5   | Reached skill level 6 in Invocations
 20674 | Lair:5   | Reached skill level 16 in Armour
 20846 | Lair:5   | Reached skill level 16 in Fighting
 20869 | Lair:5   | Reached skill level 16 in Shields
 21389 | Lair:5   | Found the +4 robe of Folly {Brilliance Will-∞ Int+8}
 21733 | Lair:5   | Identified the amulet of the Distant Future {Spirit -Cast
                  | Will+++ Str-3 Stlth+}
 21953 | Orc:1    | Entered Level 1 of the Orcish Mines
 21975 | Orc:1    | Found Wumyrah's Magic Scroll Shop.
 21985 | Orc:1    | Received a gift from Okawaru
 22009 | Orc:1    | Found a dark tunnel.
 22027 | Orc:1    | Reached skill level 4 in Throwing
 22030 | Volcano  | Entered a volcano
 22641 | Orc:1    | Bought a scroll of enchant weapon for 75 gold pieces
 22688 | Orc:1    | Found a radiant altar of Vehumet.
 22820 | Orc:1    | Received a gift from Okawaru
 22948 | Orc:1    | Found Eruozoi's Jewellery Shoppe.
 23006 | Orc:1    | Found Womemuts's Distillery.
 23013 | Orc:1    | Bought a potion of heal wounds for 70 gold pieces
 23122 | Orc:2    | Entered Level 2 of the Orcish Mines
 23122 | Orc:2    | Noticed an orc warlord
 23140 | Orc:2    | Killed an orc warlord
 23345 | Orc:2    | Found a staircase to the Elven Halls.
 23481 | Orc:2    | Noticed Saint Roka
 23499 | Orc:1    | Received a gift from Okawaru
 23774 | Orc:2    | Killed Saint Roka
 23775 | Orc:2    | Reached skill level 7 in Invocations
 24114 | Orc:2    | Received a gift from Okawaru
 24124 | Orc:2    | Reached skill level 5 in Throwing
 24127 | Orc:2    | Reached XP level 16. HP: 152/152 MP: 20/20
 24166 | Orc:2    | Received a gift from Okawaru
 24171 | Orc:2    | Found Pirgh's Weapon Shop.
 24171 | Orc:2    | Found Obbap's Weapon Shoppe.
 24286 | Orc:2    | Found Opacopu's Magic Scroll Shoppe.
 24286 | Orc:2    | Found Zurch's Distillery.
 24294 | Orc:2    | Bought a scroll of acquirement for 728 gold pieces
 24296 | Orc:2    | Acquired a manual of Fighting
 24597 | Elf:1    | Entered Level 1 of the Elven Halls
 24619 | Elf:1    | Paralysed by an air elemental for 1 turns
 24787 | Elf:1    | Found a transporter.
 24792 | Elf:1    | Noticed AppTheSpectato's ghost (adept FoHu)
 24842 | Elf:1    | Received a gift from Okawaru
 24868 | Elf:1    | Reached skill level 17 in Fighting
 24929 | Elf:1    | Found a transporter.
 24973 | Elf:1    | Reached skill level 6 in Throwing
 24976 | Elf:1    | Reached skill level 8 in Invocations
 25064 | Elf:1    | Reached skill level 17 in Armour
 25196 | Elf:1    | Paralysed by an air elemental for 1 turns
 25201 | Elf:1    | Paralysed by an air elemental for 1 turns
 25423 | Elf:1    | Received a gift from Okawaru
 25550 | Elf:1    | Reached skill level 17 in Shields
 25606 | Elf:1    | HP: 34/155 [deep elf zephyrmancer/bolt of lightning (12)]
 25607 | Elf:1    | Noticed a storm dragon
 25621 | Elf:1    | HP: 35/155 [deep elf archer/arrow (4)]
 26067 | Elf:1    | Noticed a Tzitzimitl
 26068 | Elf:1    | Noticed an Ice Fiend
 26069 | Elf:1    | Found a runed translucent gate.
 26069 | Elf:1    | Found a runed translucent gate.
 26069 | Elf:1    | Found a runed translucent gate.
 26069 | Elf:1    | Found a runed translucent gate.
 26069 | Elf:1    | Found a runed translucent gate.
 26118 | Elf:1    | Found a runed translucent gate.
 26118 | Elf:1    | Noticed a storm dragon
 26123 | Elf:1    | You pick up a book of Blasting and begin reading...
 26255 | Elf:1    | Noticed a storm dragon
 26324 | Elf:2    | Identified the +1 crystal plate armour of Okawaru's Reproof
                  | {Drain +Blink rC+++ Stlth-} (Okawaru gifted it to you on
                  | level 2 of the Elven Halls)
 26324 | Elf:2    | Received a gift from Okawaru
 26368 | Elf:2    | W - the +1 crystal plate armour of Okawaru's Reproof {Drain
                  | +Blink rC+++ Stlth-, rare=g}
 26369 | Elf:2    | You drop the +1 crystal plate armour of Okawaru's Reproof
                  | {Drain +Blink rC+++ Stlth-, rare=g}.
 26382 | Elf:2    | the +1 crystal plate armour of Okawaru's Reproof {Drain
                  | +Blink rC+++ Stlth-, rare=g}; a +0 short sword {short}
 26385 | Elf:2    | Reached skill level 7 in Throwing
 26426 | Elf:2    | W - the +1 crystal plate armour of Okawaru's Reproof {Drain
                  | +Blink rC+++ Stlth-, rare=g}
 26470 | Elf:2    | You drop the +1 crystal plate armour of Okawaru's Reproof
                  | {Drain +Blink rC+++ Stlth-, rare=g}.
 26477 | Elf:2    | Reached skill level 18 in Fighting
 26494 | Elf:2    | Y - the +1 crystal plate armour of Okawaru's Reproof {Drain
                  | +Blink rC+++ Stlth-, rare=g}
 26589 | Elf:2    | Found the +9 staff of Olgreb {rPois∞}
 26646 | Elf:2    | Paralysed by an air elemental for 1 turns
 26914 | Elf:2    | Reached skill level 9 in Invocations
 26925 | Elf:2    | Found a runed translucent gate.
 26925 | Elf:2    | Found a runed translucent gate.
 26925 | Elf:2    | Found a runed translucent gate.
 27072 | Elf:2    | Noticed Jorgrun
 27093 | Elf:2    | Killed Jorgrun
 27193 | Elf:2    | Acquired the ring "Telaseeq" {rElec AC+4 Str-2 Dex+8
                  | Stlth+}
 27381 | Elf:2    | Reached XP level 17. HP: 166/166 MP: 22/22
 27523 | Elf:2    | Identified the +5 ring mail of Midnight {rElec rN+}
                  | (Okawaru gifted it to you on level 2 of the Elven Halls)
 27523 | Elf:2    | Received a gift from Okawaru
 27546 | Elf:2    | HP: 36/166 [something/shard of ice (11)]
 27599 | Elf:2    | Reached skill level 8 in Throwing
 27935 | Elf:2    | Noticed a deep elf blademaster
 27957 | Elf:2    | Killed a deep elf blademaster
 28131 | Elf:2    | P - a +0 executioner's axe of distortion {!waxerare=g}
 28265 | Elf:2    | You drop a +0 executioner's axe of distortion
                  | {!waxerare=g}.
 28267 | Elf:2    | You drop the +1 crystal plate armour of Okawaru's Reproof
                  | {Drain +Blink rC+++ Stlth-, rare=g}.
 28497 | Snake:1  | a +2 executioner's axe of freezing {axerare}; a +0 mace
                  | {mace}; a +2 whip of draining {mace}
 28541 | Snake:2  | Reached skill level 19 in Fighting
 28541 | Snake:2  | Reached skill level 18 in Armour
 28684 | Snake:2  | Found an ancient bone altar of Kikubaaqudgha.
 28959 | Snake:2  | Reached skill level 18 in Shields
 29043 | Snake:2  | You pick up a book of Spectacle and begin reading...
 29043 | Snake:2  | You add the spells Dazzling Flash and Starburst to your
                  | library.
 29197 | Snake:2  | Reached skill level 10 in Invocations
 29629 | Snake:3  | Noticed Donald
 29649 | Snake:3  | Killed Donald
 29701 | Snake:3  | t - a +3 double sword of holy wrath {longrare=g}
 29966 | Snake:3  | You add the spells Ignite Poison, Mephitic Cloud and
                  | Freezing Cloud to your library.
 30010 | Snake:3  | Noticed Mara
 30021 | Snake:3  | Noticed Sanktem7's illusion
 30073 | Snake:4  | Entered Level 4 of the Snake Pit
 30353 | Snake:4  | Acquired the amulet "Yngabom" {Reflect -Tele rPois MP+9
                  | Slay-2 SH+5}
 30620 | Snake:4  | magus.rc [v1.9.6]
 30889 | Snake:4  | Received a gift from Okawaru
 30911 | Snake:4  | Found Kiseaschamm's Jewellery Shoppe.
 30913 | Snake:4  | Found Kohilusch's Book Boutique.
 30914 | Snake:4  | Found Detheij's Jewellery Shoppe.
 31196 | Snake:4  | Received a gift from Okawaru
 31197 | Snake:4  | Reached skill level 9 in Throwing
 31225 | Snake:4  | HP: 19/170 [nagaraja/bolt of poison (28)]
 31226 | Snake:4  | Slain by a nagaraja

Vanquished Creatures
  Saint Roka (Orc:2)
  Jorgrun (Elf:2)
  A deep elf blademaster (Elf:2)
  Kirke (Snake:1)
  Donald (Snake:3)
  Roxanne (Snake:1)
  An orc warlord (Orc:2)
  A nagaraja (Snake:4)
  3 deep elf demonologists
  A bunyip (shapeshifter) (D:14)
  A minotaur (Gauntlet)
  A deep elf death mage (Elf:2)
  Josephine (D:10)
  A fire dragon (Lair:5)
  An ettin (Orc:1)
  A deep elf high priest (Elf:1)
  A boulder beetle (D:12)
  A vault guard (D:14)
  3 salamander tyrants
  6 hydras
  4 ogre magi (Orc:2)
  17 two-headed ogres
  7 anacondas
  3 naga warriors
  26 dancing weapons
  4 centaur warriors (D:14)
  A death scarab (Gauntlet)
  A hell hog (Gauntlet)
  6 shock serpents
  A vampire mage (D:15)
  A naga sharpshooter (Snake:3)
  Sonja (Lair:1)
  12 deep elf knights
  A fire crab (Gauntlet)
  A salamander mystic (Snake:4)
  3 skeletal warriors
  A golden dragon zombie (D:15)
  A spectral hydra (Gauntlet)
  A swamp dragon (Lair:5)
  2 naga ritualists (Snake:2)
  15 deep elf archers
  A wizard (D:9)
  2 necromancers
  3 wolf spiders (Lair:5)
  The ghost of sigtrap the Markskobold, a novice KoHu (D:7)
  14 deep elf zephyrmancers
  A stone giant zombie (D:15)
  8 salamanders
  7 mana vipers
  28 deep elf pyromancers
  3 orc sorcerers
  6 ugly things
  7 cyclopes
  2 manticores
  10 elephants
  8 naga magi
  Maurice (D:8)
  2 merfolk sirens (Lair:3)
  32 black mambas
  2 torpor snails
  13 cane toads
  2 unseen horrors
  2 guardian serpents
  Joseph (D:7)
  2 gargoyles
  6 rime drakes
  A freezing wraith (D:14)
  2 kobold demonologists
  7 komodo dragons
  Maggie (Lair:2)
  An efreet (D:14)
  A komodo dragon (shapeshifter) (D:15)
  A yaktaur (D:14)
  2 merfolk (Lair:3)
  4 trolls
  3 hornets (Lair:5)
  A polar bear (Lair:4)
  An ettin zombie (D:15)
  7 blink frogs
  8 dream sheep
  19 slime creatures
  7 wraiths
  3 air elementals
  3 water elementals
  A shadow (D:10)
  12 wyverns
  4 hogs (Snake:1)
  A ynoxinul (Gauntlet)
  10 fire elementals
  75 yaks
  10 fire bats (Gauntlet)
  Grum (D:10)
  A vampire (D:11)
  A redback (Lair:5)
  7 basilisks
  3 steam dragons (Lair:5)
  2 humans (Snake:1)
  10 vampire mosquitoes
  3 wargs
  6 hell hounds
  23 nagas
  2 acid dragons (Lair:5)
  24 water moccasins
  Duvessa (D:7)
  A sky beast (D:7)
  A floating eye zombie (D:15)
  A black bear (Lair:4)
  19 orc warriors
  27 wolves
  6 centaurs
  27 ogres
  4 kobold brigands
  4 phantoms
  Blork the orc (D:4)
  14 bullfrogs
  A gnoll sergeant (D:9)
  2 earth elementals (Elf:2)
  A necrophage (D:6)
  2 scorpions
  9 wights
  Dowan (D:7)
  5 killer bees (D:11)
  13 electric eels
  7 howler monkeys
  3 jellies
  14 orc priests
  4 hounds
  2 gnoll boudas
  2 iron imps (Gauntlet)
  18 orc wizards
  8 iguanas
  Natasha (thrice) (D:3)
  6 ogre zombies (D:12)
  5 adders
  13 gnolls
  A shadow imp (D:7)
  2 white imps
  3 dart slugs
  61 orcs
  8 ball pythons
  9 endoplasms
  4 giant cockroaches
  9 goblins
  6 hobgoblins
  7 jackals
  4 quokkas
  7 bats
  2 frilled lizards
  4 goblin zombies (D:12)
  5 hobgoblin zombies (D:12)
  21 kobolds
  2 orc skeletons (D:12)
  8 orc zombies (D:12)
958 creatures vanquished.

Vanquished Creatures (others)
  A deep elf knight (Elf:1)
  2 deep elf pyromancers
  A water elemental (Elf:1)
  A yak (Lair:5)
  4 bushes (D:14)
  24 fungi
  70 plants
  A withered plant (Gauntlet)
104 creatures vanquished.

Grand Total: 1062 creatures vanquished

Table legend:
 A = Non-vault XP
 B = Vault XP
 C = Vault XP percentage of total XP
 D = Non-vault monster count
 E = Vault monster count
 F = Vault count percentage of total count
                 A         B        C        D         E       F
            +---------+---------+-------+---------+---------+-------
      Total |  152567 |  123785 |  44.8 |     619 |     340 |  35.5
            +---------+---------+-------+---------+---------+-------
        D:1 |      64 |       0 |   0.0 |      26 |       0 |   0.0
        D:2 |      32 |       0 |   0.0 |      17 |       0 |   0.0
        D:3 |      92 |      35 |  27.6 |      12 |       1 |   7.7
        D:4 |     252 |      91 |  26.5 |      25 |       1 |   3.8
        D:5 |     582 |      59 |   9.2 |      17 |       4 |  19.0
        D:6 |     496 |       0 |   0.0 |      16 |       0 |   0.0
        D:7 |     822 |    1211 |  59.6 |      23 |       4 |  14.8
        D:8 |    2048 |     613 |  23.0 |      22 |       2 |   8.3
        D:9 |    3230 |    2590 |  44.5 |      23 |      15 |  39.5
       D:10 |    4076 |    2226 |  35.3 |      18 |       9 |  33.3
       D:11 |    4991 |       0 |   0.0 |      26 |       0 |   0.0
       D:12 |    4027 |    1902 |  32.1 |      21 |      30 |  58.8
       D:13 |    7489 |       0 |   0.0 |      17 |       0 |   0.0
       D:14 |   11323 |    4846 |  30.0 |      24 |       7 |  22.6
       D:15 |    3354 |    4674 |  58.2 |       9 |       8 |  47.1
     Lair:1 |    1180 |    2117 |  64.2 |       8 |       8 |  50.0
     Lair:2 |    8730 |    2633 |  23.2 |      33 |      10 |  23.3
     Lair:3 |    3240 |    2461 |  43.2 |      17 |       7 |  29.2
     Lair:4 |    5820 |     468 |   7.4 |      23 |       3 |  11.5
     Lair:5 |   11751 |   16282 |  58.1 |      47 |      61 |  56.5
    Snake:1 |    6064 |    3669 |  37.7 |      13 |       6 |  31.6
    Snake:2 |   17339 |       0 |   0.0 |      32 |       0 |   0.0
    Snake:3 |    9224 |    1407 |  13.2 |      18 |       1 |   5.3
    Snake:4 |    7194 |    3350 |  31.8 |      14 |      11 |  44.0
      Orc:1 |    3496 |      35 |   1.0 |      39 |       1 |   2.5
      Orc:2 |    3328 |   20964 |  86.3 |      25 |      49 |  66.2
      Elf:1 |   10027 |   11805 |  54.1 |      18 |      28 |  60.9
      Elf:2 |   22296 |   26338 |  54.2 |      36 |      32 |  47.1
    Volcano |       0 |    6396 | 100.0 |       0 |      18 | 100.0
   Gauntlet |       0 |    7613 | 100.0 |       0 |      24 | 100.0
            +---------+---------+-------+---------+---------+-------

Illustrated notes

Table legend:
 A = Kills in this place as a percentage of kills in entire the game.
 B = Kills by you in this place as a percentage of kills by you in the entire game.
 C = Kills by friends in this place as a percentage of kills by friends in the entire game.
 D = Other kills in this place as a percentage of other kills in the entire game.
 E = Experience gained in this place as a percentage of experience gained in the entire game.
 F = Experience gained in this place divided by the number of levels of this place that you have seen.
                   A       B       C       D       E      F
               +-------+-------+-------+-------+-------+----------------------
         Total | 100.0 | 100.0 |   N/A | 100.0 | 100.0 | 9211.7
       Dungeon |  39.3 |  39.4 |   N/A |   0.0 |  22.1 | 4075.0
          Lair |  22.6 |  22.6 |   N/A |  33.3 |  19.8 | 10936.4
     Snake Pit |   9.9 |   9.9 |   N/A |   0.0 |  17.5 | 12061.8
  Orcish Mines |  11.9 |  11.9 |   N/A |   0.0 |  10.1 | 13911.5
   Elven Halls |  11.9 |  11.7 |   N/A |  66.7 |  25.5 | 35233.0
       Volcano |   1.9 |   1.9 |   N/A |   0.0 |   2.3 | 6396.0
      Gauntlet |   2.5 |   2.5 |   N/A |   0.0 |   2.8 | 7613.0
               +-------+-------+-------+-------+-------+----------------------

Table legend: (Time is in decaauts)
 A = Elapsed time spent in this place.
 B = Non-inter-level travel time spent in this place.
 C = Inter-level travel time spent in this place.
 D = Time resting spent in this place.
 E = Time spent auto-exploring this place.
 F = Levels seen in this place.
 G = Mean time per level.
                   A        B        C        D        E       F      G
               +--------+--------+--------+--------+--------+-----+--------+
         Total |  31187 |  29829 |   1358 |   3237 |  21953 |  30 | 1039.6 |
       Dungeon |  14534 |  13806 |    728 |    835 |  10939 |  15 |  968.9 |
          Lair |   5972 |   5623 |    349 |    357 |   4515 |   5 | 1194.4 |
     Snake Pit |   3837 |   3792 |     45 |    587 |   2683 |   4 |  959.2 |
  Orcish Mines |   2055 |   1987 |     68 |    259 |   1456 |   2 | 1027.5 |
   Elven Halls |   3704 |   3537 |    167 |    803 |   2012 |   2 | 1852.0 |
       Volcano |    581 |    581 |      0 |    201 |    214 |   1 |  581.0 |
      Gauntlet |    503 |    503 |      0 |    195 |    133 |   1 |  503.0 |
               +--------+--------+--------+--------+--------+-----+--------+

Top non-repeatable levels by time:
   Elf:2: 1997 daAuts
   Elf:1: 1706 daAuts
  Lair:2: 1606 daAuts
  Lair:5: 1604 daAuts
    D:14: 1460 daAuts
     D:8: 1307 daAuts
     D:7: 1234 daAuts
   Orc:2: 1216 daAuts
 Snake:1: 1168 daAuts
    D:10: 1141 daAuts
 Snake:4: 1140 daAuts
     D:9: 1128 daAuts
    D:11: 1123 daAuts
 Snake:2: 1076 daAuts
     D:6: 1050 daAuts
